 Dungeon Crawl Stone Soup version 0.19.4-8-ga85b6b9 (console) character file.

1619 Grinner the Grappler (level 8, 0/59 HPs)
             Began as a Minotaur Transmuter on Feb 8, 2017.
             Was a Follower of Okawaru.
             Slain by Duvessa
             ... wielding a +0 short sword
              (14 damage)
             ... on level 5 of the Dungeon.
             The game lasted 00:14:15 (5795 turns).

Grinner the Grappler (Minotaur Transmuter)          Turns: 5795, Time: 00:14:17

Health: 0/59       AC:  4    Str: 15    XL:     8   Next: 64%
Magic:  8/9        EV: 15    Int: 12    God:    Okawaru [*.....]
Gold:   276        SH:  0    Dex: 11    Spells: 1 memorised, 8 levels left

rFire  . . .     SeeInvis .       - Unarmed
rCold  . . .     Gourm    .     s - +2 robe {rN+}
rNeg   + + .     Faith    .     (no shield)
rPois  .         Spirit   .     (helmet restricted)
rElec  .         Reflect  .     (no cloak)
rCorr  .         Harm     .     (no gloves)
MR     .....                    (no boots)
Stlth  +.........               (no amulet)
                                (no ring)
                                t - ring of positive energy

@: very slightly contaminated
A: retaliatory headbutt, horns 2
a: Heroism, Renounce Religion


You were on level 5 of the Dungeon.
You worshipped Okawaru.
Okawaru was aware of your devotion.
You were not hungry.

You visited 2 branches of the dungeon, and saw 6 of its levels.

You collected 276 gold pieces.

Inventory:

Missiles
 a - 94 arrows
Armour
 s - a +2 robe of positive energy (worn)
Jewellery
 t - a ring of positive energy (left hand)
Wands
 o - a wand of acid (1/15)
Scrolls
 e - 3 scrolls of remove curse
 h - a scroll of enchant armour
 k - a scroll of amnesia
 m - a scroll of teleportation
 p - a scroll of random uselessness
 q - a scroll of magic mapping
 r - 2 scrolls of noise
Potions
 g - a potion of resistance
 n - 2 potions of degeneration
Books
 c - a book of Changes

   Spells                             Type                      Level
   a - Beastly Appendage              Transmutation                1
   b - Sticks to Snakes               Transmutation                2
   c - Spider Form                    Transmutation/Poison         3
   d - Ice Form                       Ice/Transmutation            4
   e - Blade Hands                    Transmutation                5
Comestibles
 b - 3 chunks of flesh
 d - 3 bread rations
 f - 4 slices of pizza
 i - 2 meat rations
 j - a royal jelly


   Skills:
 - Level 1.2 Fighting
 + Level 7.1 Dodging
 * Level 10.3 Unarmed Combat
 + Level 1.3 Spellcasting
 + Level 1.5 Transmutations


You had 8 spell levels left.
You knew the following spells:

 Your Spells              Type           Power        Failure   Level  Hunger
z - Beastly Appendage     Tmut           #.....       17%         1    ##.....


Dungeon Overview and Level Annotations

Branches:
Dungeon (5/15)             Temple (1/1) D:4

Altars:
Ashenzari
Fedhas
Kikubaaqudgha
Nemelex Xobeh
Okawaru
Qazlal
Uskayaw
Vehumet
Xom
The Shining One

Annotations:
D:5 Duvessa


Innate Abilities, Weirdness & Mutations

You reflexively headbutt those who attack you in melee.
You have a pair of horns on your head.


Message History

Duvessa is moderately wounded.
Duvessa misses you.
You hit Duvessa. Your punch misses Duvessa.
Duvessa is moderately wounded.
Duvessa hits you with a short sword!
You punch Duvessa! Your headbutt misses Duvessa.
Duvessa is heavily wounded.
Duvessa hits you with a short sword!
You punch Duvessa!
Duvessa is severely wounded.
The hound barely misses you. Duvessa misses you. You furiously retaliate!
You headbutt Duvessa. The hound barely misses you.
You barely miss Duvessa.
Duvessa is severely wounded.
Duvessa hits you with a short sword!
* * * LOW HITPOINT WARNING * * *
The hound bites you.
* * * LOW HITPOINT WARNING * * *
Duvessa hits you with a short sword!
You die...

#.##...........## #....
#.##............# #....
#...)...........# #....
####).........)[# ###..
#....>........).################.
#.###...).......)................
#.#..........########.##########.
#.#.######...########.# #.
#.#<.......#.##<@e....##########.
#.#.########..#h##...............
#.#...........#.##...............
#.###.#######.#.##...............
#.........#.....#####'###########
#.........#.#...####.......#
#.........#.#...#..........#
#.........#.#.#.#..........#
...#....###.#.#.#..........#


You could see Duvessa (berserk) and a hound.

Vanquished Creatures
  Sigmund (D:5)
  The ghost of kingofstarryskies the Skirmisher, an amateur DsAK of Lugonu (D:4)
  Eustachio (D:5)
  Menkaure (D:5)
  A black bear (D:3)
  2 centaurs (D:5)
  Dowan (D:5)
  A howler monkey (D:5)
  3 crimson imps
  3 jellies
  3 hounds (D:4)
  2 orc priests
  An iguana (D:4)
  5 orc wizards
  2 worker ants
  7 adders
  A gnoll (D:4)
  A howler monkey skeleton (D:5)
  3 oozes
  2 worms
  5 dart slugs
  2 leopard geckos
  12 orcs
  A ball python (D:4)
  3 giant cockroaches
  4 hobgoblins
  13 jackals
  2 quokkas
  8 bats
  6 frilled lizards
  5 goblins
  9 kobolds
  8 rats
120 creatures vanquished.

Notes
Turn   | Place    | Note
-------+----------+-------------------------------------------
     0 | D:1      | Grinner the Minotaur Transmuter began the quest for the Orb.
     0 | D:1      | Reached XP level 1. HP: 16/16 MP: 1/1
   203 | D:1      | Reached XP level 2. HP: 15/23 MP: 3/3
   461 | D:1      | Reached skill level 4 in Unarmed Combat
   961 | D:1      | Reached XP level 3. HP: 21/28 MP: 4/4
  1831 | D:2      | Reached XP level 4. HP: 20/35 MP: 5/5
  2490 | D:3      | Reached skill level 5 in Unarmed Combat
  2840 | D:3      | Reached XP level 5. HP: 19/40 MP: 4/6
  2842 | D:3      | Noticed a black bear
  2866 | D:3      | Killed a black bear
  2866 | D:3      | Reached skill level 6 in Unarmed Combat
  2866 | D:3      | Reached XP level 6. HP: 31/47 MP: 7/7
  3693 | D:4      | Found a staircase to the Ecumenical Temple.
  3707 | D:4      | Reached skill level 7 in Unarmed Combat
  3967 | D:4      | Reached skill level 5 in Dodging
  4067 | D:4      | Noticed kingofstarryskies's ghost (amateur DsAK)
  4077 | D:4      | Killed kingofstarryskies's ghost
  4077 | D:4      | Reached XP level 7. HP: 52/52 MP: 8/8
  4296 | D:4      | Found a stormy altar of Qazlal.
  4296 | D:4      | Found a shattered altar of Ashenzari.
  4395 | D:4      | Reached skill level 8 in Unarmed Combat
  4628 | D:4      | Found a hide-covered altar of Uskayaw.
  4631 | D:4      | Found a glowing golden altar of the Shining One.
  4635 | D:4      | Found a sparkling altar of Nemelex Xobeh.
  4661 | Temple   | Entered the Ecumenical Temple
  4677 | Temple   | Became a worshipper of Warmaster Okawaru
  4714 | D:5      | Entered Level 5 of the Dungeon
  4732 | D:5      | Noticed Menkaure
  5085 | D:5      | Noticed Sigmund
  5086 | D:5      | Killed Sigmund
  5086 | D:5      | Reached skill level 9 in Unarmed Combat
  5086 | D:5      | Reached XP level 8. HP: 47/59 MP: 9/9
  5176 | D:5      | Noticed Eustachio
  5201 | D:5      | Killed Eustachio
  5201 | D:5      | Reached * piety under Okawaru
  5603 | D:5      | Noticed Dowan
  5633 | D:5      | Killed Dowan
  5633 | D:5      | Reached skill level 10 in Unarmed Combat
  5731 | D:5      | Killed Menkaure
  5782 | D:5      | Noticed Duvessa
  5795 | D:5      | Slain by Duvessa

Skill      XL: |  1  2  3  4  5  6  7  8 |
---------------+-------------------------+-----
Unarmed Combat | 4 5 6 7 9 10 | 10.3
Dodging        | 3 4 5 6 7 |  7.1
Fighting       | |  1.2
Spellcasting   | |  1.3
Transmutations | |  1.5

Action                   |  1- 3 |  4- 6 |  7- 9 || total
-------------------------+-------+-------+-------++-------
Melee: Unarmed           |   103 |   161 |   129 ||   393
       Headbutt          |     7 |    24 |    14 ||    45
       Punch             |     1 |     3 |     3 ||     7
       Kick              |       |     6 |    14 ||    20
 Cast: Beastly Appendage |       |     5 |    15 ||    20
Evoke: Wand              |       |       |     4 ||     4
  Use: Potion            |       |    12 |       ||    12
       Scroll            |       |     7 |     6 ||    13
 Stab: Sleeping          |     1 |       |       ||     1
       Distracted        |       |       |     1 ||     1
  Eat: Chunk             |     3 |     7 |     6 ||    16
Armor: Robe              |    21 |     6 |    14 ||    41
       Skin              |       |    37 |       ||    37
Dodge: Dodged            |    72 |    72 |    78 ||   222
